 Dungeon Crawl Stone Soup version 0.25-a0-503-ge281fa673e (webtiles) character file.

Game seed: 11216807033774253970, levelgen mode: classic

93 EnegeticOcto the Shield-Bearer (level 4, 26/42 HPs)
             Began as a Deep Dwarf Fighter on Feb 13, 2020.
             Quit the game on level 3 of the Dungeon.
             The game lasted 00:00:40 (373 turns).

EnegeticOcto the Shield-Bearer (Deep Dwarf Fighter)  Turns: 373, Time: 00:00:41

Health: 26/42      AC:  7    Str: 21    XL:     4   Next: 37%
Magic:  4/4        EV:  8    Int:  8    God:
Gold:   54         SH:  9    Dex: 12    Spells: 3/3 levels left

rFire    . . .     SeeInvis .   m - -2 morningstar (curse)
rCold    . . .     Gourm    .   c - +0 kite shield
rNeg     . . .     Faith    .   b - +0 scale mail
rPois    .         Spirit   .   (no helmet)
rElec    .         Reflect  .   (no cloak)
rCorr    .         Harm     .   (no gloves)
MR       .....                  (no boots)
Stlth    ..........             (no amulet)
HPRegen  0.00/turn              (no ring)
MPRegen  0.09/turn              (no ring)

@: very slightly contaminated, non-regenerating
A: damage resistance, heal wounds, sense surroundings 1, no regeneration
a: Heal Wounds


You were on level 3 of the Dungeon.
You were not hungry.

You visited 1 branch of the dungeon, and saw 3 of its levels.

You collected 54 gold pieces.

Inventory:

Hand Weapons
 a - a +0 war axe
 m - a cursed -2 morningstar (weapon)
Armour
 b - a +0 scale mail (worn)
 c - a +0 kite shield (worn)
Potions
 d - a potion of might {@q3}
 g - a potion of magic {unknown}
 h - 2 potions of haste {unknown}
 l - a potion of flight {unknown}
Comestibles
 e - 2 rations
 f - 7 chunks of flesh


   Skills:
 + Level 3.1 Fighting
 * Level 3.4 Axes
 + Level 3.7 Armour
 + Level 1.5 Dodging
 + Level 3.8 Shields


You had 3 spell levels left.
You didn't know any spells.
Your spell library was empty.

Dungeon Overview and Level Annotations

Branches:
Dungeon (3/15)

Altars:


Innate Abilities, Weirdness & Mutations

You are resistant to damage.
You can heal yourself by infusing magical energy.
You passively map a small area around you.
You do not regenerate.


Message History

You kill the leopard gecko!
No target in view!
No target in view!
No target in view!
No target in view!
No target in view!
A rat comes into view.
Found an emerald potion.
A rat is nearby!
You block the rat's attack.
You slash the rat!
You kill the rat!
No target in view!
No target in view!
No target in view!
No target in view!
No target in view!
No target in view!
No target in view!
You butcher the rat corpse.
f - 10 chunks of flesh (gained 1)
You see here a rat skeleton. x2
l - an emerald potion An adder comes into view.
Some of the chunks of flesh in your inventory have rotted away.
No reachable target in view!
No reachable target in view!
No reachable target in view!
No reachable target in view!
No reachable target in view!
No reachable target in view!
No reachable target in view!
No reachable target in view!
No reachable target in view!
An adder is nearby!
An adder is nearby!
A bat comes into view.
Found a scroll labeled VUALOI MOSO.
You see here a ration.
An ooze comes into view.
Found 9 gold pieces.
You see here a ration.
Found a glowing morningstar.
The ooze jiggles.
You block the ooze's attack.
You closely miss the adder. You hit the ooze. You block the adder's attack.
The ooze hits you but does no damage. The bat barely misses you.
The adder bites you.
Your shield prevents you from hitting the ooze.
The ooze is moderately wounded.
You hit the adder. You miss the bat. The bat misses you.
You block the bat's attack. You block the ooze's attack.
The adder closely misses you. The bat barely misses you.
The adder barely misses you. The ooze hits you but does no damage.
You slash the adder!
You kill the adder!
You barely miss the bat.
Your shield and scale mail prevent you from hitting the ooze.
The bat barely misses you. The ooze hits you.
You hit the ooze but do no damage.
The ooze is moderately wounded.
You hit the bat.
You kill the bat!
The ooze barely misses you. The ooze hits you but does no damage.
You hit the ooze.
The ooze is heavily wounded.
The ooze closely misses you.
You completely miss the ooze.
The ooze is heavily wounded.
The ooze hits you but does no damage. You block the ooze's attack.
Some of the chunks of flesh in your inventory have rotted away.
You slash the ooze!
You kill the ooze!
No target in view!
No target in view!
No target in view!
No target in view!
No target in view!
No target in view!
No target in view!
No target in view!
No target in view!
No target in view!
You see here a glowing morningstar.
m - a glowing morningstar It sticks to your hand!
m - a cursed -2 morningstar (weapon)
As you read the scroll labeled TAICYOL MONIQ, it crumbles to dust.
You feel aware of your surroundings.
You sensed 2 altars.
It was a scroll of magic mapping.
Blink to where?
Press: ? - help, Dir - move target cursor You are very lightly contaminated with residual magic.
As you read the scroll labeled JOASSUBEMA, it crumbles to dust.
It was a scroll of blinking.
As you read the scroll labeled BAASOA ENOMM, it crumbles to dust.
You hear a loud clanging noise!
It was a scroll of noise.
You hear a shout! x2
Are you sure you want to abandon this character and quit the game? (Confirm with "yes".)

......#####...##.##...#***
##.#####..%.###...###...,*******
#.......####!..#..$####,,,,,,,*
#######....###...###..,,*****,**
####...##.##...#***,,,,,,,
###..#.#..#** *,****** ##.#.#.##
*,* #..†..#******,*
##.@.##,,,,,,,* #.§.#,,,,,,,**
#...#,,****,*******
##.##,,,,,,,,,,,,,, **********
#.#,,*,*,,,******* *,,,,,,,,*
#.#,,*,,,,,* *, *,,,,,,,,*
#.#,,,>,,,,* *, *,,,,,,,,*
#.#,,,,,,,,* *, *,,,,,,,,*
**#.#******+** *,


There were no monsters in sight!

Vanquished Creatures
  4 gnolls
  3 adders
  An ooze (D:3)
  A worm (D:2)
  A leopard gecko (D:3)
  An orc (D:3)
  4 bats
  2 giant cockroaches (D:1)
  A hobgoblin (D:1)
  2 jackals (D:1)
  A frilled lizard (D:1)
  A kobold (D:2)
  2 rats
24 creatures vanquished.

Notes
Turn   | Place    | Note
-------+----------+-------------------------------------------
     0 | D:1      | EnegeticOcto the Deep Dwarf Fighter began the quest for the
                  | Orb.
     0 | D:1      | Reached XP level 1. HP: 20/20 MP: 1/1
   114 | D:1      | Reached XP level 2. HP: 27/27 MP: 2/2
   159 | D:2      | Reached skill level 1 in Dodging
   159 | D:2      | Reached XP level 3. HP: 14/33 MP: 3/3
   234 | D:2      | Reached XP level 4. HP: 31/42 MP: 4/4
   373 | D:3      | Quit the game

Levels and vault maps discovered:
D:1:      minmay_arrival_doors, layout_basic, st_stairs_11, minmay_pentomino_t2
D:2:      minmay_diamond_boxcup, layout_basic, first_ration
D:3:      minmay_general_purpose_star, layout_basic, grunt_temple_overflow_open,
          minmay_misc_feat_rows, uniq_terence

Skill      XL: |  1  2  3 |
---------------+----------+-----
Dodging        | 1 |  1.5
Axes           | 3 |  3.4
Fighting       | 3 |  3.1
Armour         | |  3.7
Shields        | |  3.8

Action                   |  1- 3 |  4- 6 || total
-------------------------+-------+-------++-------
Melee: War axe           |    67 |    17 ||    84
 Abil: Heal Wounds       |     1 |       ||     1
  Use: Scroll            |       |     3 ||     3
Armor: Scale mail        |    36 |     7 ||    43
Dodge: Dodged            |    32 |    12 ||    44
Block: Kite shield       |    49 |    13 ||    62

Table legend:
 A = Non-vault XP
 B = Vault XP
 C = Vault XP percentage of total XP
 D = Non-vault monster count
 E = Vault monster count
 F = Vault count percentage of total count
                 A         B        C        D         E       F
            +---------+---------+-------+---------+---------+-------
      Total |      94 |      40 |  29.9 |      18 |       6 |  25.0
            +---------+---------+-------+---------+---------+-------
        D:1 |      10 |      18 |  64.3 |       5 |       3 |  37.5
        D:2 |      77 |       0 |   0.0 |      10 |       0 |   0.0
        D:3 |       7 |      22 |  75.9 |       3 |       3 |  50.0
            +---------+---------+-------+---------+---------+-------
